 Dungeon Crawl Stone Soup version 0.27.0 (webtiles) character file.

Game seed: 5543510116438457645

7464 miscthings the Thaumaturge (level 11, -7/58 HPs)
             Began as a Djinni Conjurer on July 30, 2021.
             Was a Priest of Makhleb.
             Mangled by a six-headed hydra (13 damage)
             ... on level 11 of the Dungeon.
             The game lasted 00:14:30 (10781 turns).

miscthings the Thaumaturge (Djinni Conjurer)       Turns: 10781, Time: 00:14:31

Health: -7/58      AC:  9    Str:  9    XL:     11   Next: 37%
Gold:   657        EV: 12    Int: 22    God:    Makhleb [***...] SH:  5 Dex: 13

rFire    + + +     SeeInvis .   F - +4 long sword of the Unspeakable One {speed, rPois Str+3}
rCold    x . .     Faith    .   (no shield)
rNeg     . . .     Spirit   .   C - +2 robe {rF+}
rPois    ∞         Reflect  +   k - +2 hat
rElec    .         Harm     .   (no cloak)
rCorr    +         Rampage  .   D - +2 pair of gloves
Will     +....     Rnd*Tele +   (boots unavailable)
Stlth    ++........             l - amulet of reflection
HPRegen  0.19/turn              b - ring of resist corrosion
MPRegen  0.00/turn              d - ring of protection from fire

@: spiked, flying
A: sickness immunity, fire resistance 2, cold vulnerability 1, float, innate
caster, hp casting, extra vitality 1, antennae 1, frail 1, teleportitis 2
a: Renounce Religion, Minor Destruction, Lesser Servant of Makhleb


You were on level 11 of the Dungeon.
You worshipped Makhleb.
Makhleb was most pleased with you.
You visited 1 branch of the dungeon, and saw 11 of its levels.

You collected 684 gold pieces.
You spent 27 gold pieces at shops.

Inventory:

Hand Weapons
 F - the +4 long sword of the Unspeakable One (weapon) {speed, rPois Str+3}
   (You found it on level 8 of the Dungeon)

   Attacks with this weapon are significantly faster.
   Str:       It affects your strength (+3).
   rPois:     It protects you from poison.
Missiles
 t - a throwing net
Armour
 a - a +0 robe
 k - a +2 hat (worn)
 C - a +2 robe of fire resistance (worn)
 D - a +2 pair of gloves (worn)
Magical Staves
 u - a staff of poison
Jewellery
 b - a ring of resist corrosion (left hand)
 d - a ring of protection from fire (right hand)
 g - an amulet of faith
 l - an amulet of reflection (around neck)
Wands
 w - a wand of paralysis (11)
 y - a wand of flame (14)
 z - a wand of iceblast (9)
Scrolls
 c - a scroll of holy word {unknown}
 f - 3 scrolls of teleportation
 h - 2 scrolls of fear
 j - a scroll of vulnerability
 m - a scroll of summoning
 q - a scroll of blinking {unknown}
 s - a scroll of brand weapon {unknown}
 x - a scroll of amnesia {unknown}
Potions
 e - 3 potions of lignification
 n - a potion of might {unknown}
 o - a potion of resistance {unknown}
 r - 4 potions of haste
 v - a potion of invisibility
 A - 3 potions of brilliance
 E - a potion of cancellation {unknown}


   Skills:
 - Level 2.1 Dodging
 - Level 1.5 Stealth
 + Level 13.0 Spellcasting


You had 8 spell levels left.
You knew the following spells:

 Your Spells              Type           Power      Damage    Failure   Level
a - Searing Ray           Conj           100%       3d7       1%          2
b - Magic Dart            Conj           100%       1d8       1%          1
c - Dazzling Flash        Conj/Hex       100%       N/A       1%          3
d - Fulminant Prism       Conj/Hex       32%        3d16      1%          4
e - Iskenderun's Mystic   Conj/Tloc      64%        2d13      1%          4
f - Pain                  Necr           100%       1d9       1%          1
g - Ensorcelled Hibernat  Hex/Ice        100%       N/A       1%          2
h - Lesser Beckoning      Tloc           32%        N/A       1%          3
i - Dispel Undead         Necr           64%        3d22      1%          4
z - Hailstorm             Conj/Ice       64%        3d14      1%          4
Your spell library was empty.

Dungeon Overview and Level Annotations

Branches:
Dungeon (11/15)            Temple (0/1) D:7             Orc (0/2) D:11
   Lair: D:8-11

Altars:
Fedhas
Kikubaaqudgha
Makhleb
Trog
Xom
Zin

Shops:
D:1 *   D:10 **   D:11 ([


Innate Abilities, Weirdness & Mutations

You are immune to sickness and miasma.
You are immune to poison.
Your flesh is very heat resistant. (rF++)
You are vulnerable to cold. (rC-)
You float through the air rather than walking.
You learn spells naturally, not from books.
Your magical power is your life essence.
You have superior vitality. (+4 HP)
You have a pair of small antennae on your head.
You are frail. (-10% HP)
You are sometimes teleported next to monsters.


Message History

The six-headed hydra is knocked back by the mystic blast.
You hear a shout!
The manticore flicks its tail.
The volley of spikes hits you!
The barbed spikes become lodged in your body.
An orc wizard comes into view. It is wielding a +0 dagger.
Aiming: Fulminant Prism (safe; 1% risk of failure)
Press: ? - help, Q - select action, (/) - cycle Dir - move target You conjure a prism of explosive energy!
A fulminant prism comes into view.
The manticore flicks its tail.
The volley of spikes hits your fulminant prism!
The barbs in your skin will harm you if you move.
Continue?
Okay, then.
Casting: Fulminant Prism (safe; 1% risk of failure)
Confirm with . or Enter, or press ? or * to list all spells.
You erupt in a blast of force!
The mystic blast hits the six-headed hydra!
The six-headed hydra is heavily wounded.
The six-headed hydra barely misses you. The six-headed hydra misses you.
The six-headed hydra bites you!
The six-headed hydra closely misses you.
The six-headed hydra bites you! The six-headed hydra barely misses you.
Your fulminant prism crackles loudly.
Casting: Iskenderun's Mystic Blast (safe; 1% risk of failure)
Confirm with . or Enter, or press ? or * to list all spells.
You erupt in a blast of force!
The mystic blast hits the six-headed hydra!
The six-headed hydra is severely wounded.
* * * LOW HITPOINT WARNING * * *
You hear a shout!
The manticore bites your fulminant prism!!
Your fulminant prism explodes!
The blast of energy engulfs the manticore!
The manticore is moderately wounded.
The six-headed hydra misses you. The six-headed hydra bites you!
* * * LOW HITPOINT WARNING * * *
The six-headed hydra closely misses you.
The six-headed hydra bites you!
You die...

#################################
...................^.............
<...o....................<.......
###############..################
#..# #..# #..# #.@# ###
########.D# ...
..........######## #### ...
.................. .... ...
..........H....... .... ###
#.####.####.####.# ## . ## ..#
?#.. ##...


You could see a six-headed hydra and a manticore.

Vanquished Creatures
  A two-headed ogre (D:10)
  A manticore (D:11)
  A gargoyle (D:7)
  A kobold demonologist (D:9)
  Psyche (D:8)
  A hornet (D:9)
  A meliai zombie (D:11)
  A shadow (D:11)
  4 wraiths
  A golden eye (shapeshifter) (D:11)
  2 steam dragons
  Menkaure (D:4)
  3 acid dragons
  A water moccasin (D:7)
  Duvessa (D:5)
  3 black bears
  4 orc warriors
  A sky beast (D:6)
  2 ice beasts
  A necrophage (D:4)
  5 centaurs
  A phantom (D:5)
  A bullfrog (D:9)
  2 kobold brigands (D:10)
  A gnoll sergeant (D:7)
  A scorpion (D:5)
  2 wyvern zombies
  Dowan (D:5)
  A howler monkey (D:11)
  A centaur zombie (D:9)
  2 centaur skeletons (D:5)
  A gnoll shaman (D:9)
  6 orc priests
  2 bullfrog skeletons
  2 iguanas
  7 orc wizards
  A killer bee zombie (D:7)
  2 hound zombies (D:5)
  A hound skeleton (D:4)
  A howler monkey zombie (D:9)
  12 gnolls
  8 adders
  2 shadow imps
  2 white imps (D:7)
  3 worms
  2 dart slugs
  23 orcs
  7 ball pythons
  7 endoplasms
  A giant cockroach (D:1)
  8 hobgoblins
  6 jackals
  11 kobolds
  4 quokkas
  7 bats
  10 frilled lizards
  11 goblins
  7 rats
  A fulminant prism (D:10)
205 creatures vanquished.

Vanquished Creatures (collateral kills)
  2 centaur zombies (D:11)
2 creatures vanquished.

Vanquished Creatures (others)
  33 fulminant prisms
  2 fungi (D:11)
  16 plants (D:11)
51 creatures vanquished.

Grand Total: 258 creatures vanquished

Notes
Turn   | Place    | Note
-------+----------+-------------------------------------------
     0 | D:1      | miscthings the Djinni Conjurer began the quest for the Orb.
     0 | D:1      | Reached XP level 1. HP: 15/15 MP: 0/0
   137 | D:1      | Reached XP level 2. HP: 12/21 MP: 0/0
   564 | D:1      | Found a faded altar of an unknown god.
   731 | D:1      | Reached XP level 3. HP: 17/25 MP: 0/0
   731 | D:1      | Learned a level 1 spell: Pain
  1175 | D:1      | Reached skill level 4 in Spellcasting
  1195 | D:1      | Found Zuuhuxzu's Assorted Antiques.
  1663 | D:2      | Reached XP level 4. HP: 20/31 MP: 0/0
  2531 | D:3      | Reached XP level 5. HP: 26/35 MP: 0/0
  2531 | D:3      | Learned a level 2 spell: Ensorcelled Hibernation
  2643 | D:3      | Reached skill level 5 in Spellcasting
  3200 | D:4      | Reached XP level 6. HP: 37/40 MP: 0/0
  3242 | D:4      | Noticed Menkaure
  3249 | D:4      | Killed Menkaure
  3478 | D:4      | Gained mutation: Your body sometimes deteriorates upon
                  | taking damage. [potion of mutation]
  3480 | D:4      | Lost mutation: Your body sometimes deteriorates upon taking
                  | damage. [potion of mutation]
  3480 | D:4      | Gained mutation: You expend health (3 HP) to strengthen
                  | your wands. [potion of mutation]
  3480 | D:4      | Gained mutation: You are occasionally teleported next to
                  | monsters. [potion of mutation]
  3480 | D:4      | Gained mutation: Armour fits poorly on your strangely
                  | shaped body. [potion of mutation]
  3481 | D:4      | Lost mutation: Armour fits poorly on your strangely shaped
                  | body. [potion of mutation]
  3481 | D:4      | Lost mutation: You expend health (3 HP) to strengthen your
                  | wands. [potion of mutation]
  3481 | D:4      | Gained mutation: You are frail. (-10% HP) [potion of
                  | mutation]
  3481 | D:4      | Gained mutation: You are sometimes teleported next to
                  | monsters. [potion of mutation]
  3481 | D:4      | Gained mutation: You have a pair of small antennae on your
                  | head. [potion of mutation]
  3495 | D:4      | Found a burning altar of Makhleb.
  3499 | D:4      | Became a worshipper of Makhleb the Destroyer
  3528 | D:4      | Noticed a necrophage
  3536 | D:4      | Killed a necrophage
  3537 | D:4      | Reached skill level 6 in Spellcasting
  3537 | D:4      | Reached XP level 7. HP: 20/40 MP: 0/0
  3537 | D:4      | Learned a level 3 spell: Lesser Beckoning
  4512 | D:5      | Entered Level 5 of the Dungeon
  4534 | D:5      | Noticed Duvessa
  4535 | D:5      | Noticed Dowan
  4547 | D:5      | Killed Duvessa
  4550 | D:5      | Killed Dowan
  4551 | D:5      | Reached skill level 7 in Spellcasting
  4574 | D:5      | Reached XP level 8. HP: 12/45 MP: 0/0
  4721 | D:5      | Reached * piety under Makhleb
  4725 | D:5      | Found a glowing silver altar of Zin.
  5448 | D:5      | Found a blossoming altar of Fedhas.
  5604 | D:6      | Reached skill level 8 in Spellcasting
  6530 | D:7      | Reached XP level 9. HP: 28/49 MP: 0/0
  6530 | D:7      | Learned a level 4 spell: Dispel Undead
  6644 | D:7      | Reached skill level 9 in Spellcasting
  7009 | D:7      | Found a staircase to the Ecumenical Temple.
  7105 | D:7      | Noticed a gargoyle
  7110 | D:7      | Killed a gargoyle
  7118 | D:7      | Found a shimmering altar of Xom.
  7318 | D:8      | Reached skill level 10 in Spellcasting
  7319 | D:8      | Reached ** piety under Makhleb
  7712 | D:8      | Reached XP level 10. HP: 44/54 MP: 0/0
  7743 | D:8      | Noticed Psyche
  7753 | D:8      | Killed Psyche
  8138 | D:8      | Identified the +4 long sword of the Unspeakable One {speed,
                  | rPois Str+3}
  8195 | D:8      | Reached skill level 11 in Spellcasting
  8534 | D:9      | Noticed a kobold demonologist
  8538 | D:9      | Noticed a rust devil
  8542 | D:9      | Killed a kobold demonologist
  8960 | D:9      | Found a bloodstained altar of Trog.
  9121 | D:10     | Entered Level 10 of the Dungeon
  9174 | D:10     | Found Raujisko's General Store.
  9175 | D:10     | Found Hoapp's Specific Store.
  9374 | D:10     | Reached skill level 12 in Spellcasting
  9379 | D:10     | Noticed a two-headed ogre
  9386 | D:10     | Killed a two-headed ogre
  9387 | D:10     | Reached XP level 11. HP: 40/58 MP: 0/0
  9387 | D:10     | Learned a level 4 spell: Hailstorm
  9873 | D:1      | Bought a scroll labelled SOXZOUTA OTYRR for 27 gold pieces
 10148 | D:11     | Noticed a manticore
 10453 | D:11     | Found Nasag's Weapon Boutique.
 10462 | D:11     | Found a staircase to the Orcish Mines.
 10463 | D:11     | Found Plog's Armour Boutique.
 10463 | D:11     | Noticed a manticore
 10468 | D:11     | Killed a manticore
 10474 | D:11     | Reached *** piety under Makhleb
 10504 | D:11     | Reached skill level 13 in Spellcasting
 10774 | D:11     | Noticed a six-headed hydra
 10781 | D:11     | Mangled by a six-headed hydra

Illustrated notes

Levels and vault maps discovered:
D:1:      nicolae_arrival_somewhat_less_tricky_arrival, layout_basic,
          serial_shops, nicolae_shop_statue_plus,
          shapermc_ecumenical_altar_pompeii, minmay_lizard_pond
D:2:      layout_basic, minmay_small_reverse_x
D:3:      layout_rooms, grunt_ministairs_12
D:4:      layout_basic, marbit_many_paths, uniq_menkaure
D:5:      layout_loops_ring, kennysheep_mini, kennysheep_mini_moat,
          serial_bayou_pond_e, chequers_hall_statues_wall_a, uniq_duvessa
D:6:      layout_basic, serial_corexii_hall, corexii_hall_statues_l,
          chequers_hall_statues_y, chequers_hall_statues_corner_a,
          corexii_hall_statues_x, ebering_dispersal_statue_hall
D:7:      layout_cave_pools, minitemple, minmay_temple_entry_junction_2
D:8:      layout_loops_ring, corexii_checkpoint_a, st_stairs_7, uniq_psyche
D:9:      layout_basic, bloody_trog, minmay_misc_feat_columns
D:10:     layout_roguey, nicolae_specific_store
D:11:     minmay_the_grid_square_5x5_5x5_mashed
          [minmay_the_grid_square_5x5_lines,
          minmay_the_grid_square_5x5_checkered_sparse,
          minmay_the_grid_square_5x5_inner_z,
          minmay_the_grid_square_5x5_longway, minmay_the_grid_square_5x5_seven,
          minmay_the_grid_square_5x5_inset,
          minmay_the_grid_square_5x5_prize_pseudospiral,
          minmay_the_grid_square_5x5_two_walls_b,
          minmay_the_grid_square_5x5_prize_waves,
          minmay_the_grid_square_5x5_shrine1, minmay_the_grid_square_5x5_fat_x,
          minmay_the_grid_square_5x5_n,
          minmay_the_grid_square_5x5_prize_monsterx,
          minmay_the_grid_square_5x5_comb, minmay_the_grid_square_5x5_inner_i,
          minmay_the_grid_square_5x5_meh, minmay_the_grid_square_5x5_prize_open,
          minmay_the_grid_square_5x5_bridge,
          minmay_the_grid_square_5x5_prize_snowflake,
          minmay_the_grid_square_5x5_percent,
          minmay_the_grid_square_5x5_almost_minimal,
          minmay_the_grid_square_5x5_spiral_small, minmay_the_grid_square_5x5_v,
          minmay_the_grid_square_5x5_broken_cross,
          minmay_the_grid_square_5x5_pentomino_r], layout_long_grid,
          minmay_lair_entry_grove, orc_david_3, minivault_4

Skill      XL: |  1  2  3  4  5  6  7  8  9 10 11 |
---------------+----------------------------------+-----
Spellcasting   | 4 5 6 7 8 10 12 13 | 13.0
Dodging        | |  2.1
Stealth        | |  1.5

Action                   |  1- 3 |  4- 6 |  7- 9 | 10-12 || total
-------------------------+-------+-------+-------+-------++-------
Melee: Unarmed           |     1 |       |       |       ||     1
       Long sword        |       |       |       |     1 ||     1
 Cast: Magic Dart        |    11 |     1 |       |       ||    12
       Searing Ray       |    22 |    45 |    54 |    27 ||   148
       Fulminant Prism   |       |       |    14 |    20 ||    34
       Iskenderun's Myst |       |       |    12 |    26 ||    38
       Hailstorm         |       |       |       |     2 ||     2
  Use: Scroll            |       |     4 |     5 |     9 ||    18
       Potion            |       |     3 |       |     4 ||     7
Armor: Robe              |     7 |     2 |     3 |     7 ||    19
Dodge: Dodged            |     5 |    11 |     8 |    28 ||    52
Block: Other             |       |     3 |     3 |    12 ||    18
       Reflection        |       |       |       |     2 ||     2
       Rpst.: Long sword |       |       |       |     3 ||     3
